 Dungeon Crawl Stone Soup version 0.29.1-15-g9cfb28693d (webtiles) character file.

Game seed: 7047760104093453236

319 fireball365 the Trooper (level 6, 0/56 HPs)
             Began as a Hill Orc Fighter on Oct 12, 2023.
             Splashed by a jelly's acid (4 damage)
             ... on level 3 of the Dungeon.
             The game lasted 00:03:51 (2312 turns).

fireball365 the Trooper (Hill Orc Fighter)          Turns: 2312, Time: 00:03:51

Health: 0/56       AC: 13    Str: 21    XL:     6   Next: 45%
Magic:  6/6        EV:  6    Int:  8    God:
Gold:   219        SH:  5    Dex: 16    Spells: 5/5 levels left

rFire   + . .      SeeInvis .   a - +0 war axe
rCold   . . .      Faith    .   c - +0 buckler
rNeg    . . .      Spirit   .   r - +0 plate armour
rPois   .          Reflect  .   (no helmet)
rElec   .          Harm     .   (no cloak)
rCorr   .          Rampage  .   j - +0 pair of gloves
Will    .....                   (no boots)
Stlth   ..........              g - amulet of the acrobat
HPRegen 0.18/turn               e - ring of protection from fire
MPRegen 0.10/turn               n - +6 ring of dexterity

@: no status effects
A: no striking features
a: no special abilities


You were on level 3 of the Dungeon.
You visited 1 branch of the dungeon, and saw 3 of its levels.

You collected 219 gold pieces.

Inventory:

Hand Weapons
 a - a +0 war axe (weapon)
Missiles
 p - 5 silver boomerangs (quivered)
Armour
 b - a +0 scale mail
 c - a +0 buckler (worn)
 j - a +0 pair of gloves (worn)
 r - a +0 plate armour (worn)
Jewellery
 e - a ring of protection from fire (left hand)
 g - an amulet of the acrobat (around neck)
 n - a +6 ring of dexterity (right hand)
Scrolls
 f - a scroll of fear {unknown}
 i - a scroll of enchant weapon {unknown}
 l - a scroll of immolation {unknown}
 m - a scroll of poison {unknown}
 o - a scroll of teleportation
 t - a scroll of brand weapon {unknown}
Potions
 d - a potion of might
 h - a potion of haste {unknown}
 k - 2 potions of resistance
 q - a potion of mutation {unknown}
 s - a potion of invisibility {unknown}
 u - a potion of lignification {unknown}


   Skills:
 + Level 5.2 Fighting
 + Level 4.9 Axes
 + Level 4.8 Armour
 + Level 4.7 Shields


You had 5 spell levels left.
You didn't know any spells.
Your spell library contained the following spells:

 Spells                   Type           Power      Damage    Failure   Level
 Ignite Poison            Fire/Tmut/Pois 0%         N/A       100%        3
 Spider Form              Tmut/Pois      0%         N/A       100%        3
 Haunt                    Necr/Summ      0%         N/A       100%        7
 Spellforged Servitor     Conj/Summ      0%         N/A       100%        7


Dungeon Overview and Level Annotations

Branches:
Dungeon (3/15)

Altars:
Gozag
Kikubaaqudgha
The Shining One

Shops:
D:2 [


Message History

You hit Sigmund but do no damage.
Sigmund is almost dead.
You hit the orc but do no damage. The orc hits you but does no damage.
Sigmund casts a spell.
Sigmund flickers and vanishes!
Deactivating autopickup; reactivate with Ctrl-A.
You completely miss the orc.
The orc is almost dead.
You hit something.
Reactivating autopickup.
You feel a bit more experienced. The orc hits you with a +0 hand axe.
* * * LOW HITPOINT WARNING * * *
The orc hits you but does no damage.
Your Fighting skill increases to level 5!
You have reached level 6!
You closely miss the orc.
The orc is almost dead.
The orc hits you with a +0 hand axe.
* * * LOW HITPOINT WARNING * * *
You hit the orc.
You kill the orc!
u - a bubbling emerald potion
Things that are here:
a +0 scythe; a +0 robe
Things that are here:
a +0 hand axe; a +0 chain mail You start to feel less resistant.
A jelly is nearby!
Things that are here:
a +0 scythe; a +0 robe Your resistance to elements expires.
You hit the jelly.
Your hands burn!
* * * LOW HITPOINT WARNING * * *
The jelly is moderately wounded.
The jelly hits you but does no damage. The jelly closely misses you.
You barely miss the jelly.
The jelly is moderately wounded.
The jelly hits you but does no damage.
You hit the jelly but do no damage.
Your hands burn!
You die...

#..............8...8...#.#
#...........8 ..._....8.
#..........#.##.......#
#..........#..#.......#
### #.@......# #..........
... ##o.....# #..J...# ..
## ######....####
##..>..####. #......####
######))....##.## #......#
##..@J..##.......####
#......# #..######
##......##. #....<.# #.##
##...##. #......# ###.#
#.)... #......####...#
#(.#.. #......##...###
#..#.. #########.###
##..... ####.# ###....#.
###....# ####........


You could see a jelly.

Vanquished Creatures
  Sigmund (D:3)
  Jessica (D:3)
  3 gnolls (D:3)
  3 adders
  A worm (D:3)
  8 orcs (D:3)
  6 endoplasms
  2 goblins (D:2)
  3 hobgoblins
  8 jackals
  7 kobolds
  4 quokkas (D:2)
  6 ball pythons
  2 frilled lizards (D:2)
  2 rats
57 creatures vanquished.

Notes
Turn   | Place    | Note
-------+----------+-------------------------------------------
     0 | D:1      | fireball365 the Hill Orc Fighter began the quest for the
                  | Orb.
     0 | D:1      | Reached XP level 1. HP: 19/19 MP: 1/1
    36 | D:1      | Got the Atlas of Allied Pestilence
   299 | D:1      | Reached XP level 2. HP: 21/27 MP: 2/2
   360 | D:1      | Found a faded altar of an unknown god.
  1028 | D:2      | Reached skill level 4 in Fighting
  1028 | D:2      | Reached XP level 3. HP: 21/33 MP: 3/3
  1317 | D:2      | Found an ancient bone altar of Kikubaaqudgha.
  1646 | D:2      | Found Xoose's Antique Armour Boutique.
  1792 | D:3      | Noticed Sigmund
  1806 | D:3      | Found a glowing golden altar of the Shining One.
  1816 | D:3      | Reached XP level 4. HP: 22/40 MP: 4/4
  2059 | D:3      | Noticed Jessica
  2071 | D:3      | Killed Jessica
  2082 | D:3      | Reached XP level 5. HP: 34/47 MP: 5/5
  2248 | D:3      | Found an opulent altar of Gozag.
  2284 | D:3      | Killed Sigmund
  2285 | D:3      | Reached skill level 5 in Fighting
  2285 | D:3      | Reached XP level 6. HP: 7/56 MP: 6/6
  2312 | D:3      | Splashed by a jelly's acid

Illustrated notes

Levels and vault maps discovered:
D:1:      lightli_arrival_flooded_house, layout_basic,
          nicolae_ecumenical_snake_handling
D:2:      layout_basic, serial_shops, shop, basic_altar, patterned_corridor
D:3:      layout_rooms, mainiacjoe_overflow_small_starburst,
          nicolae_gozag_conspicuous_consumption, minmay_quantized, uniq_ijyb,
          uniq_jessica, uniq_sigmund

Skill      XL: |  1  2  3  4  5 |
---------------+----------------+-----
Axes           | 3 4 |  4.9
Fighting       | 4 5 |  5.2
Armour         | 4 |  4.8
Shields        | 4 |  4.7

Action                   |  1- 3 |  4- 6 || total
-------------------------+-------+-------++-------
Melee: War axe           |    97 |    70 ||   167
  Use: Scroll            |     4 |       ||     4
       Potion            |       |     1 ||     1
Armor: Scale mail        |    64 |     6 ||    70
       Plate armour      |       |    31 ||    31
Dodge: Dodged            |   105 |    39 ||   144
Block: Buckler           |    35 |    27 ||    62
